 Dungeon Crawl Stone Soup version 0.18.1-48-g4cf74bf (webtiles) character file.

46 Joat the Grave Robber (level 3, 0/24 HPs)
             Began as a Mummy Necromancer on July 30, 2016.
             Slain by an ice beast (6 damage)
             ... on level 1 of the Dungeon.
             The game lasted 00:15:02 (6494 turns).

Joat the Grave Robber (Mummy Necromancer)           Turns: 6494, Time: 00:15:04

Health: 0/24       AC:  2    Str: 11    XL:     3   Next: 44%
Magic:  0/6        EV: 12    Int: 15    God:
Gold:   47         SH:  0    Dex: 12    Spells: 2 memorised, 2 levels left

rFire  x . .     SeeInvis .     b - +0 hunting sling
rCold  + . .     Gourm    .     h - +0 robe
rNeg   + + +     Faith    .     (no shield)
rPois  ∞         Spirit   .     (no helmet)
rElec  .         Dismiss  .     (no cloak)
rCorr  .         Reflect  .     (no gloves)
SustAt .         Harm     .     (no boots)
MR     .....                    (no amulet)
Stlth  ++........               (no ring)
                                (no ring)

@: not resistant to hostile enchantments, unstealthy
A: no food or potions, fire vulnerability, cold resistance 1, negative energy
resistance 3, torment resistance, unbreathing
a: no special abilities


You were on level 1 of the Dungeon.
You were not hungry.

You visited 1 branch of the dungeon, and saw 1 of its levels.

You collected 47 gold pieces.

Inventory:

Hand Weapons
 a - a +0 short sword
 b - a +0 hunting sling (weapon)
 e - a +0 dagger
Missiles
 d - 35 stones (quivered)
 j - 19 bolts
Armour
 c - a +0 robe
 h - a +0 robe (worn)
 i - a +0 robe
Scrolls
 g - a scroll of recharging
Books
 f - a book of Necromancy

   Spells                             Type                      Level
   a - Pain                           Necromancy                   1
   b - Animate Skeleton               Necromancy                   1
   c - Vampiric Draining              Necromancy                   3
   d - Regeneration                   Charms/Necromancy            3
   e - Animate Dead                   Necromancy                   4
   f - Control Undead                 Necromancy                   4


   Skills:
 - Level 1.6 Dodging
 - Level 1.6 Stealth
 - Level 2.1 Spellcasting
 + Level 5.1 Necromancy


You had 2 spell levels left.
You knew the following spells:

 Your Spells              Type           Power        Failure   Level  Hunger
a - Pain                  Necr           ###.         2%          1    N/A
b - Vampiric Draining     Necr           ###.......   10%         3    N/A

Dungeon Overview and Level Annotations

Branches:
Dungeon (1/15)

Altars:


Innate Abilities, Weirdness & Mutations

You do not eat or drink.
Your flesh is vulnerable to fire.
You are immune to poison.
Your flesh is cold resistant.
You are immune to negative energy.
You are immune to unholy pain and torment.
You can survive without breathing.


Message History

Firing (i - inventory):
d - 38 stones (quivered)
Press: ? - help, Shift-Dir - straight line, f/p - ice beast
Aim: an ice beast (moderately wounded)
You shoot a stone. The stone barely misses the ice beast.
The ice beast hits you. The ice beast freezes you. You resist.
Firing (i - inventory):
d - 37 stones (quivered)
Press: ? - help, Shift-Dir - straight line, f/p - ice beast
Aim: an ice beast (moderately wounded)
You shoot a stone. The stone barely misses the ice beast.
The ice beast hits you. The ice beast freezes you. You resist.
Firing (i - inventory):
d - 36 stones (quivered)
Press: ? - help, Shift-Dir - straight line, f/p - ice beast
Aim: an ice beast (moderately wounded)
You shoot a stone. The stone hits the ice beast.
The ice beast is moderately wounded.
The ice beast hits you. The ice beast freezes you. You resist.
The ice beast hits you.
* * * LOW HITPOINT WARNING * * *
The ice beast freezes you. You resist.
You die...

...........#.#..# ########.#
.##.######....### #......#.#
.##.# #..### #.####.#.#
.##.######..########.# #.#.#
.##.##...............# #.#.#####
.##.##.###..###..#.).# #........
....##.###..##..#.#..####%.....>.
.#####.##.....)#...#......#.##...
..........#####Y@...#####.#.###.#
######.##..#...........#..#.###.#
#.###..#....<....#...#^.....
#.###..#.......!.#...>..####
#.....#...........#..##.#
#.#..#####)....#####.##.#
#.#.......#...#......##.#
#.#####.#..#.#..........#### #.#
#.##..#..########.....


You could see an ice beast.

Vanquished Creatures
  An adder (D:1)
  An ooze (D:1)
  A dart slug (D:1)
  2 bats (D:1)
  2 giant cockroaches (D:1)
  3 goblins (D:1)
  6 hobgoblins (D:1)
  A ball python (D:1)
  4 giant newts (D:1)
  5 kobolds (D:1)
  6 rats (D:1)
32 creatures vanquished.

Notes
Turn   | Place    | Note
--------------------------------------------------------------
     0 | D:1      | Joat the Mummy Necromancer began the quest for the Orb.
     0 | D:1      | Reached XP level 1. HP: 13/13 MP: 3/3
   849 | D:1      | Reached XP level 2. HP: 11/19 MP: 1/5
  1315 | D:1      | Reached XP level 3. HP: 22/24 MP: 0/6
  1402 | D:1      | Learned a level 3 spell: Vampiric Draining
  3243 | D:1      | Reached skill level 5 in Necromancy
  6486 | D:1      | Noticed an ice beast
  6494 | D:1      | Slain by an ice beast

Skill      XL: |  1  2  3 |
---------------+----------+-----
Necromancy     | 5 |  5.1
Dodging        | |  1.6
Stealth        | |  1.6
Spellcasting   | |  2.1

Action                   || total
-------------------------++-------
Melee: Club              ||     8
 Fire: Hunting sling     ||     7
 Cast: Pain              ||    61
       Vampiric Draining ||     5
  Use: Scroll            ||     4
Armor: Robe              ||     2
Dodge: Dodged            ||    17
